AoeStats
← JulBurn

Arena

508616198Analyzed
1v1 RM · 8d ago on Sep 23, 2026· 42m 9s· 2 players
Game mode
Random Map
Map size
Tiny (2 player)
Population
200
Speed
Normal
Resources
Standard
Victory
Conquest
Starting age
Dark Age
Ending age
Imperial Age
RankedLock teamsTeams togetherTeam positionsShared explorationLock speedFull tech treeHidden civsTurbo modeCheats
Victory
Defeat
🇵🇱 Saxons · Poland
760
+17
🇨🇦 Vietnamese · Canada
779
-17
JulBurn
9:49 Feudal Age
10:53 Double-Bit Axe
16:26 Castle Age
14:14 Loom
18:29 Wheelbarrow
18:35 Scale Mail Armor
19:08 Stone Mining
19:05 Horse Collar
21:54 Town Watch
23:06 Bow Saw
26:34 Forging
26:13 Arson
27:02 Heavy Plow
29:48 Imperial Age
27:51 Chain Mail Armor
30:41 Hand Cart
30:50 Murder Holes
31:06 Fortified Wall
32:13 Two-Man Saw
31:56 Gold Mining
33:10 Plate Mail Armor
32:13 Shield Wall
33:20 Fletching
36:06 Conscription
35:18 Pikeman
36:53 Squires
38:10 Iron Casting
39:06 Cavalier
40:01 Devotion
40:33 Bloodlines
41:11 Scale Barding Armor
42:01 Crop Rotation
41:37 Gambesons
42:42 Husbandry
jamesrtross
13:00 Feudal Age
14:31 Loom
17:28 Castle Age
15:57 Double-Bit Axe
21:59 Bloodlines
33:30 Imperial Age
32:42 Bow Saw
37:09 Forging
37:06 Scale Barding Armor
38:21 Onager
Connection lost

Rejoining the realm…

Still unreachable

The connection could not be restored.

Session expired

The server has moved on; the page needs a fresh start.